 Dungeon Crawl Stone Soup version 0.25-a0-94-g9e23508adf (webtiles) character file.

Game seed: 13053918876371235744, levelgen mode: deterministic

10869 Cinder the Cleaver (level 11, -6/102 HPs)
             Began as a Minotaur Berserker on Nov 11, 2019.
             Was an Elder of Trog.
             Mangled by a wolf spider simulacrum (7 damage)
             ... in an ice cave.
             The game lasted 00:26:02 (12174 turns).

Cinder the Cleaver (Minotaur Berserker)            Turns: 12174, Time: 00:26:03

Health: -6/102     AC: 20    Str: 24    XL:     11   Next: 41%
Magic:  13/13      EV:  7    Int:  5    God:    Trog [****..]
Gold:   508        SH:  6    Dex: 10    Spells: 10/10 levels left

rFire    + + .     SeeInvis .   H - +0 war axe
rCold    . . .     Gourm    .   W - +0 buckler
rNeg     . . .     Faith    .   X - +2 plate armour {rF+}
rPois    +         Spirit   .   (helmet restricted)
rElec    .         Reflect  +   Y - +2 cloak {MR+}
rCorr    .         Harm     .   (no gloves)
MR       +....                  d - +0 pair of boots
Stlth    ..........             U - +3 amulet of reflection
HPRegen  0.27/turn              G - ring of protection from fire
MPRegen  0.13/turn              E - ring of poison resistance

@: no status effects
A: retaliatory headbutt, horns 2
a: Berserk, Trog's Hand, Brothers in Arms, Renounce Religion


You were in an ice cave.
You worshipped Trog.
Trog was greatly pleased with you.
You were full.

You visited 2 branches of the dungeon, and saw 11 of its levels.
You also visited: Ice Cave.

You collected 604 gold pieces.
You spent 96 gold pieces at shops.

Inventory:

Hand Weapons
 a - a +0 hand axe
 D - a +1 battleaxe
 H - a +0 war axe (weapon)
 S - a +8 shortbow of freezing
 T - a +4 scimitar of flaming
Missiles
 f - 55 sling bullets
 g - 424 stones (quivered)
 k - 34 poisoned darts
 v - 34 bolts
 O - 5 throwing nets
Armour
 d - a +0 pair of boots (worn)
 P - a +2 chain mail of magic resistance
 W - a +0 buckler (worn)
 X - a +2 plate armour of fire resistance (worn)
 Y - a +2 cloak of magic resistance (worn)
Jewellery
 p - a +2 ring of strength
 E - a ring of poison resistance (right hand)
 F - an uncursed ring of flight
 G - a ring of protection from fire (left hand)
 I - an uncursed amulet of the gourmand
 R - an uncursed amulet of the acrobat
 U - a +3 amulet of reflection (around neck)
Wands
 i - a wand of random effects (7)
 u - a wand of iceblast (16)
Scrolls
 e - 2 scrolls of magic mapping
 h - a scroll of summoning {unknown}
 m - 2 scrolls of enchant armour
 o - 2 scrolls of teleportation {unknown}
 r - a scroll of amnesia {unknown}
 t - 7 scrolls of remove curse
 w - a scroll of immolation {unknown}
 x - a scroll of torment {unknown}
 y - a scroll of blinking {unknown}
 L - 6 scrolls of enchant weapon {unknown}
 Q - a scroll of fear {unknown}
 V - a scroll of noise {unknown}
Potions
 b - a potion of cancellation {unknown}
 j - a potion of agility
 n - 8 potions of curing
 s - a potion of lignification {unknown}
 z - a potion of berserk rage {unknown}
 B - a potion of magic {unknown}
 C - 2 potions of brilliance
 J - 3 potions of invisibility
Comestibles
 c - 20 rations


   Skills:
 + Level 11.2 Fighting
 * Level 14.9 Axes
 + Level 9.0 Armour
 - Level 2.1 Dodging
 + Level 1.3 Shields
 - Level 5.0 Evocations


You had 10 spell levels left.
You didn't know any spells.
Your spell library was empty.

Dungeon Overview and Level Annotations

Branches:
Dungeon (10/15)            Temple (0/1) D:7            Lair (1/6) D:9
    Orc (0/2) D:9           IceCv (1/1)

Altars:
Ashenzari
Elyvilon
Makhleb

Shops:
D:6 [   D:7 *   D:9 (

Annotations:
D:2 crazy +2 mr+ need diggin
D:6 2 runed translucent doors


Innate Abilities, Weirdness & Mutations

You reflexively headbutt those who attack you in melee.
You have a pair of horns on your head.


Message History

The wolf spider simulacrum bites you!
The wolf spider simulacrum freezes you!!
You are too injured to fight recklessly!
You are too injured to fight recklessly!
The wolf spider simulacrum hits you but does no damage.
The wolf spider simulacrum bites you but does no damage.
The wolf spider simulacrum hits you but does no damage.
The wolf spider simulacrum bites you but does no damage.
There is an ice covered gate leading back out of this place here.
The wolf spider simulacrum completely misses you.
The wolf spider simulacrum bites you but does no damage.
The wolf spider simulacrum hits you!
* * * LOW HITPOINT WARNING * * *
The wolf spider simulacrum freezes you!!
* * * LOW HITPOINT WARNING * * *
The wolf spider simulacrum bites you but does no damage.
You block the death yak simulacrum's attack.
The wolf spider simulacrum hits you but does no damage.
The wolf spider simulacrum bites you!
You die...

#### ##..##
##
##....##..##
#..Z.......#
#.@ZZ.......
#..Z....##..
##....### .
##..## ####


You could see an alligator simulacrum, a death yak simulacrum and 2 wolf spider
simulacra.

Vanquished Creatures
  Erica (D:10)
  A two-headed ogre (D:8)
  An elephant (D:9)
  A gargoyle (D:10)
  3 hippogriffs
  Sigmund (D:6)
  Eustachio (D:6)
  4 yaks
  A basilisk (D:9)
  2 wyverns
  Menkaure (D:7)
  Edmund (D:6)
  A water moccasin (D:5)
  5 orc warriors
  9 ice beasts
  2 black bears
  2 phantoms
  A hornet zombie (D:7)
  7 ogres
  A necrophage (D:9)
  3 centaurs
  2 crocodiles
  A big kobold (D:10)
  5 bullfrogs
  A wyvern skeleton (D:10)
  3 scorpions
  A water moccasin skeleton (D:4)
  10 killer bees
  9 wights
  2 howler monkeys (D:6)
  3 crimson imps
  A quasit (D:8)
  3 bullfrog zombies
  A jelly (D:9)
  17 orc priests
  7 hounds
  Crazy Yiuf (D:2)
  2 bullfrog skeletons
  A centaur skeleton (D:9)
  A gnoll shaman (D:7)
  3 iguanas
  12 orc wizards
  7 worker ants
  A hound zombie (D:5)
  A hound skeleton (D:5)
  Robin (D:2)
  4 gnolls (D:7)
  15 adders
  An ooze (D:2)
  An adder zombie (D:8)
  A worm (D:3)
  2 dart slugs (D:1)
  5 leopard geckos
  45 orcs
  A bat zombie (D:1)
  17 giant cockroaches
  13 hobgoblins
  4 jackals (D:4)
  4 quokkas
  4 bats
  5 frilled lizards
  A giant cockroach zombie (D:1)
  10 goblins
  15 kobolds
  A leopard gecko skeleton (D:9)
  4 rats
298 creatures vanquished.

Vanquished Creatures (collateral kills)
  Harold (D:8)
1 creature vanquished.

Vanquished Creatures (others)
  3 plants (D:7)
3 creatures vanquished.

Grand Total: 302 creatures vanquished

Notes
Turn   | Place    | Note
-------+----------+-------------------------------------------
     0 | D:1      | Cinder the Minotaur Berserker began the quest for the Orb.
     0 | D:1      | Reached XP level 1. HP: 19/19 MP: 0/0
   120 | D:1      | Reached skill level 4 in Axes
   318 | D:1      | Reached XP level 2. HP: 16/27 MP: 1/1
   892 | D:2      | Noticed Robin
   927 | D:2      | Reached XP level 3. HP: 32/33 MP: 2/2
  1071 | D:2      | Reached ** piety under Trog
  1079 | D:2      | Killed Robin
  1079 | D:2      | Reached skill level 5 in Axes
  1333 | D:2      | Reached XP level 4. HP: 36/41 MP: 3/3
  2093 | D:2      | Found a runed translucent door.
  2094 | D:2      | Noticed Crazy Yiuf
  2335 | D:3      | Reached skill level 6 in Axes
  2476 | D:3      | Found a faded altar of an unknown god.
  2764 | D:3      | Reached XP level 5. HP: 45/47 MP: 4/4
  2803 | D:3      | Reached skill level 5 in Fighting
  3412 | D:4      | Noticed an ogre
  3429 | D:4      | Killed an ogre
  3429 | D:4      | Reached skill level 7 in Axes
  3429 | D:4      | Reached XP level 6. HP: 56/56 MP: 5/5
  3463 | D:4      | Reached *** piety under Trog
  4120 | D:5      | Entered Level 5 of the Dungeon
  4382 | D:5      | Reached skill level 8 in Axes
  4536 | D:5      | Reached XP level 7. HP: 54/63 MP: 6/6
  5071 | D:5      | Reached skill level 9 in Axes
  5321 | D:5      | Reached XP level 8. HP: 73/73 MP: 7/7
  5479 | D:5      | Reached skill level 10 in Axes
  5602 | D:6      | Noticed Sigmund
  5607 | D:6      | Killed Sigmund
  5607 | D:6      | Reached **** piety under Trog
  5607 | D:6      | Reached skill level 1 in Evocations
  5744 | D:6      | Found a runed translucent door.
  5746 | D:6      | Found a runed translucent door.
  5928 | D:6      | Noticed Eustachio
  5966 | D:6      | Killed Eustachio
  6129 | D:6      | Reached skill level 11 in Axes
  6290 | D:6      | Noticed Edmund
  6300 | D:6      | Killed Edmund
  6300 | D:6      | Reached XP level 9. HP: 82/82 MP: 9/9
  6698 | D:6      | Found Xufolozy's Antique Armour Emporium.
  7247 | D:7      | Found a staircase to the Ecumenical Temple.
  7426 | D:7      | Found Dutep's Assorted Antiques.
  7436 | D:7      | Reached skill level 5 in Armour
  7615 | D:7      | Bought a wand of iceblast (12) for 96 gold pieces
  7722 | D:7      | Found a burning altar of Makhleb.
  7851 | D:7      | Noticed Menkaure
  7861 | D:7      | Killed Menkaure
  7861 | D:7      | Reached skill level 12 in Axes
  8163 | D:7      | Reached ***** piety under Trog
  8572 | D:8      | Reached XP level 10. HP: 91/91 MP: 12/12
  9035 | D:8      | Noticed a two-headed ogre
  9049 | D:8      | Killed a two-headed ogre
  9049 | D:8      | Reached skill level 13 in Axes
  9222 | D:8      | Reached skill level 10 in Fighting
  9236 | D:8      | Noticed Harold
  9251 | D:8      | Killed Harold
  9478 | D:9      | Found a shattered altar of Ashenzari.
  9493 | D:9      | Reached skill level 5 in Evocations
  9510 | D:9      | Found a staircase to the Lair.
  9532 | D:9      | Noticed an elephant
  9548 | D:9      | Killed an elephant
  9737 | D:9      | Found a staircase to the Orcish Mines.
  9850 | D:9      | Received a gift from Trog
 10000 | D:9      | Reached skill level 14 in Axes
 10165 | D:9      | Found Ujirulil's Weapon Shoppe.
 10284 | D:10     | Entered Level 10 of the Dungeon
 10302 | D:10     | Reached XP level 11. HP: 74/101 MP: 13/13
 10581 | D:10     | Noticed Erica
 10600 | D:10     | Killed Erica
 11152 | D:10     | Found a white marble altar of Elyvilon.
 11806 | D:2      | Killed Crazy Yiuf
 12046 | Lair:1   | Entered Level 1 of the Lair of Beasts
 12088 | Lair:1   | Found a frozen archway.
 12112 | Lair:1   | Reached skill level 1 in Shields
 12166 | IceCv    | Entered an ice cave
 12174 | IceCv    | HP: 1/102 [wolf spider simulacrum (24)]
 12174 | IceCv    | Mangled by a wolf spider simulacrum

Levels and vault maps discovered:
D:1:      saegor_arrival_fortress, layout_basic, chequers_serial_rivers_room_b
D:2:      layout_basic, serial_glass, glass_columns_c, glass_columns_a,
          feat_on_display, item_on_display_a, item_on_display_a,
          ebering_dispersal_statue_hall, uniq_crazy_yiuf_cottage, uniq_robin
D:3:      minmay_roachtagon, layout_basic, first_ration,
          chequers_ecumenical_altar_twisty, minivault_26
D:4:      layout_basic
D:5:      layout_basic
D:6:      lemuel_insect_pit, layout_basic, serial_shops,
          nicolae_shop_behind_doors, uniq_sigmund, uniq_eustachio, uniq_edmund
D:7:      layout_basic, kennysheep_mini_moat,
          minmay_temple_entry_enclosed_plants, serial_shops, shop, uniq_menkaure
D:8:      layout_loops_ring, grunt_ogre_cave, dk_vineyard_3,
          due_unseen_surprise, uniq_harold
D:9:      layout_cave_pools, david_lair_generic, erik_orc_4, serial_shops,
          shop_coins, lemuel_altar_in_water
D:10:     layout_loops_ring, elyvilon_altar_1, uniq_erica
Lair:1:   layout_hall_layers, portal_ice_cave_entry_ice_beasts,
          hangedman_lair_unloving_vines, serial_bayou_pond_e
IceCv:    ice_cave_small_necro

Skill      XL: |  1  2  3  4  5  6  7  8  9 10 11 |
---------------+----------------------------------+-----
Axes           | 4 5 6 7 8 9 11 12 14 | 14.9
Fighting       | 4 5 6 7 8 9 10 11 | 11.2
Evocations     | 2 4 5 |  5.0
Armour         | 4 6 8 9 |  9.0
Shields        | 1 |  1.3
Dodging        | |  2.1

Action                   |  1- 3 |  4- 6 |  7- 9 | 10-12 || total
-------------------------+-------+-------+-------+-------++-------
Melee: Hand axe          |    78 |   175 |   229 |       ||   482
       Headbutt          |    12 |    26 |    71 |    68 ||   177
       War axe           |       |       |   159 |   337 ||   496
Invok: Berserk           |       |       |     2 |       ||     2
       Trog's Hand       |       |       |     2 |     2 ||     4
       Brothers in Arms  |       |       |       |     1 ||     1
Evoke: Wand              |       |     2 |    11 |     1 ||    14
  Use: Scroll            |       |     3 |     2 |     7 ||    12
 Stab: Paralysed         |       |       |     1 |       ||     1
       Distracted        |       |       |       |     1 ||     1
  Eat: Chunk             |     1 |     7 |    29 |     9 ||    46
       Ration            |       |     1 |     1 |       ||     2
Armor: Animal skin       |    18 |    18 |       |       ||    36
       Chain mail        |       |    75 |   120 |   121 ||   316
       Plate armour      |       |       |    41 |    61 ||   102
Dodge: Dodged            |    50 |    93 |   133 |   110 ||   386
Block: Buckler           |       |       |       |     8 ||     8

Table legend:
 A = Non-vault XP
 B = Vault XP
 C = Vault XP percentage of total XP
 D = Non-vault monster count
 E = Vault monster count
 F = Vault count percentage of total count
                 A         B        C        D         E       F
            +---------+---------+-------+---------+---------+-------
      Total |   10488 |    5040 |  32.5 |     236 |      63 |  21.1
            +---------+---------+-------+---------+---------+-------
        D:1 |      27 |       3 |  10.0 |      13 |       2 |  13.3
        D:2 |      95 |      77 |  44.8 |      19 |      14 |  42.4
        D:3 |      40 |      24 |  37.5 |      16 |      12 |  42.9
        D:4 |     278 |       0 |   0.0 |      14 |       0 |   0.0
        D:5 |    1187 |       0 |   0.0 |      37 |       0 |   0.0
        D:6 |     896 |     592 |  39.8 |      22 |       3 |  12.0
        D:7 |    1398 |     172 |  11.0 |      33 |       1 |   2.9
        D:8 |    2855 |     688 |  19.4 |      37 |       2 |   5.1
        D:9 |    1255 |    1501 |  54.5 |      17 |      20 |  54.1
       D:10 |    2457 |     934 |  27.5 |      28 |       1 |   3.4
     Lair:1 |       0 |    1049 | 100.0 |       0 |       8 | 100.0
            +---------+---------+-------+---------+---------+-------
